 Dungeon Crawl Stone Soup version 0.27.0-1-g7a089689b8 (webtiles) character file.

Game seed: 3498228278662140013

4 Revguard the Vexing (level 1, -2/13 HPs)
             Began as a Demonspawn Enchanter on Aug 9, 2021.
             Slain by a quokka (3 damage)
             ... on level 1 of the Dungeon.
             The game lasted 00:01:04 (262 turns).

Revguard the Vexing (Demonspawn Enchanter)           Turns: 262, Time: 00:01:05

Health: -2/13      AC:  3    Str:  8    XL:     1   Next: 58%
Magic:  2/3        EV: 11    Int: 16    God:
Gold:   14         SH:  0    Dex: 13    Spells: 3/4 levels left

rFire    . . .     SeeInvis .   a - +1 dagger
rCold    . . .     Faith    .   (no shield)
rNeg     . . .     Spirit   .   c - +0 leather armour
rPois    .         Reflect  .   (no helmet)
rElec    .         Harm     .   (no cloak)
rCorr    .         Rampage  .   (no gloves)
Will     .....                  (no boots)
Stlth    ++........             (no amulet)
HPRegen  0.04/turn              (no ring)
MPRegen  0.08/turn              (no ring)

@: no status effects
A: no striking features
a: no special abilities


You were on level 1 of the Dungeon.
You visited 1 branch of the dungeon, and saw 1 of its levels.

You collected 14 gold pieces.

Inventory:

Hand Weapons
 a - a +1 dagger (weapon)
Armour
 b - a +0 robe
 c - a +0 leather armour (worn)


   Skills:
 + Level 0.1 Fighting
 + Level 1.0 Short Blades
 + Level 0.1 Armour
 + Level 1.9 Dodging
 + Level 2.7 Stealth
 + Level 2.0 Spellcasting
 + Level 3.0 Hexes


You had 3 spell levels left.
You knew the following spells:

 Your Spells              Type           Power      Damage    Failure   Level
a - Corona                Hex            12%        N/A       9%          1

Your spell library contained the following spells:

 Spells                   Type           Power      Damage    Failure   Level
 Ensorcelled Hibernation  Hex/Ice        12%        N/A       24%         2
 Confusing Touch          Hex            11%        N/A       26%         3
 Tukima's Dance           Hex            11%        N/A       26%         3
 Dazzling Flash           Conj/Hex       12%        N/A       43%         3


Dungeon Overview and Level Annotations

Branches:
Dungeon (1/15)

Altars:


Message History

HP restored.
A quokka and an endoplasm come into view.
Found a stone staircase leading down.
The helpless frilled lizard fails to defend itself.
You puncture the frilled lizard!
You kill the frilled lizard!
The endoplasm freezes you.
You are frozen.
You hit the endoplasm.
The endoplasm is moderately wounded.
The endoplasm freezes you.
You are frozen.
Casting: Corona (safe; 9% risk of failure)
Confirm with . or Enter, or press ? or * to list all spells.
You don't know that spell.
Unknown command.
Casting: Corona (safe; 9% risk of failure)
Confirm with . or Enter, or press ? or * to list all spells.
Aiming: Corona (safe; 9% risk of failure)
Press: ? - help, Shift-Dir - straight line, f - endoplasm
Aim: an endoplasm (moderately wounded, chance to affect: 64%)
The endoplasm is outlined in light.
The endoplasm hits you.
* * * LOW HITPOINT WARNING * * *
You hit the endoplasm.
The endoplasm is severely wounded.
The endoplasm hits you.
* * * LOW HITPOINT WARNING * * *
The quokka closely misses you.
You hit the endoplasm.
The endoplasm is almost dead.
The endoplasm barely misses you. The quokka completely misses you.
You aren't carrying any potions.
You hit the endoplasm.
You kill the endoplasm!
The quokka barely misses you.
Your Short Blades skill increases to level 1!
You hit the quokka.
The quokka is moderately wounded.
The quokka bites you.
You die...

###....##.........#
.###..................#
....##...............#
#..##.........>.....#
.........#..........#
###.....##.........#
#.....####..####.##
...###.##### #...# #..#
#....†@..# ...#+###'##
#...(...r..#
#####.....##
####.......#
#...#.....#.
#.....>...#.8.+..⌠..'.
#.........#...#.....#.
#.........#####.....##
..........# ###'###
...........# #...#
#.8.#


You could see a quokka.

Vanquished Creatures
  A ball python (D:1)
  2 endoplasms (D:1)
  A frilled lizard (D:1)
4 creatures vanquished.

Notes
Turn   | Place    | Note
-------+----------+-------------------------------------------
     0 | D:1      | Revguard the Demonspawn Enchanter began the quest for the
                  | Orb.
     0 | D:1      | Reached XP level 1. HP: 13/13 MP: 3/3
   262 | D:1      | Reached skill level 1 in Short Blades
   262 | D:1      | Slain by a quokka

Illustrated notes

Levels and vault maps discovered:
D:1:      minmay_arrival_stair_chambers, layout_rooms, due_unseen_surprise

Skill      XL: |  1 |
---------------+----+-----
Short Blades   | 1 |  1.0
Fighting       | |  0.1
Armour         | |  0.1
Dodging        | |  1.9
Stealth        | |  2.7
Spellcasting   | |  2.0
Hexes          | |  3.0

Action                   || total
-------------------------++-------
Melee: Dagger            ||    14
 Cast: Corona            ||     2
 Stab: Sleeping          ||     1
Dodge: Dodged            ||    11
